 Dungeon Crawl Stone Soup version 0.25.0-9-g26727b657a (webtiles) character file.

Game seed: 4831680289966974966

43 Esekla the Conjurer (level 3, 0/24 HPs)
             Began as a Demonspawn Conjurer on June 16, 2020.
             Slain by an adder (1 damage)
             ... on level 3 of the Dungeon.
             The game lasted 00:12:46 (1616 turns).

Esekla the Conjurer (Demonspawn Conjurer)           Turns: 1616, Time: 00:12:47

Health: 0/24       AC:  2    Str:  8    XL:     3   Next: 37%
Magic:  1/6        EV: 12    Int: 17    God:
Gold:   36         SH:  0    Dex: 13    Spells: 3/6 levels left

rFire    . . .     SeeInvis .   e - +0 dagger
rCold    . . .     Gourm    .   (no shield)
rNeg     . . .     Faith    .   a - +0 robe
rPois    .         Spirit   .   (helmet restricted)
rElec    .         Reflect  .   (no cloak)
rCorr    .         Harm     .   (no gloves)
MR       .....                  (no boots)
Stlth    +++.......             (no amulet)
HPRegen  0.08/turn              n - ring of stealth
MPRegen  0.10/turn              (no ring)

@: lethally poisoned (0 -> -11)
A: antennae 1, rot immunity
a: no special abilities


You were on level 3 of the Dungeon.
You were hungry.

You visited 1 branch of the dungeon, and saw 3 of its levels.

You collected 36 gold pieces.

Inventory:

Hand Weapons
 e - a +0 dagger (weapon)
Missiles
 l - 10 poisoned darts (quivered)
Armour
 a - a +0 robe (worn)
Jewellery
 n - a ring of stealth (left hand)
Scrolls
 d - 2 scrolls of identify {unknown}
 k - a scroll of immolation {unknown}
 m - a scroll of magic mapping {unknown}
Potions
 b - 2 potions of curing {unknown}
 f - 2 potions of stabbing {unknown}
 g - 2 potions of resistance {unknown}
 h - 2 potions of ambrosia {unknown}
 i - a potion of haste {unknown}
 j - a potion of might {unknown}
Comestibles
 c - 4 rations


   Skills:
 + Level 1.9 Dodging
 + Level 2.0 Stealth
 * Level 2.3 Spellcasting
 + Level 4.8 Conjurations


You had 3 spell levels left.
You knew the following spells:

 Your Spells              Type           Power        Failure   Level  Hunger
a - Magic Dart            Conj           ###.         2%          1    #......
e - Searing Ray           Conj           ###...       3%          2    ##.....

Your spell library contained the following spells:

 Spells                   Type           Power        Failure   Level  Hunger
 Dazzling Flash           Conj/Hex       ##....       21%         3    ###....
 Fulminant Prism          Conj/Hex       ##........   56%         4    #####..
 Iskenderun's Mystic Bla  Conj/Tloc      ##......     56%         4    #####..


Dungeon Overview and Level Annotations

Branches:
Dungeon (3/15)

Altars:
Cheibriados


Innate Abilities, Weirdness & Mutations

You have a pair of small antennae on your head.
You are immune to rotting.


Message History

The adder bites you.
* * * LOW HITPOINT WARNING * * *
You are lethally poisoned!
The adder poisons you!
Casting: Magic Dart (safe; 2% risk of failure)
Confirm with . or Enter, or press ? or * to list all spells.
You don't have enough magic to cast that spell.
* * * LOW HITPOINT WARNING * * *
You feel sick.
You closely miss the adder.
The adder is almost dead.
The adder misses you.
You hit the adder but do no damage.
The adder is almost dead.
* * * LOW HITPOINT WARNING * * *
You feel sick. The adder bites you.
* * * LOW HITPOINT WARNING * * *
You are more poisoned.
The adder poisons you! The adder bites you.
You die...

.............#
.#...#.......#
......)......#
...#.....<)..#
.............#
.#..!#..##.###
....... #.##
..#.... #..#
########..
.....#
##.###.@.......
...#.
#...#S#######.
... ###...#
##..######
#........#
#...###...<#
#.## ...$# #.>
....# #.. ....#


You could see an adder.

Vanquished Creatures
  An adder (D:2)
  2 worms (D:2)
  3 dart slugs
  2 bats (D:1)
  A giant cockroach (D:1)
  5 goblins
  3 hobgoblins (D:1)
  2 frilled lizards (D:2)
  2 kobolds
  2 rats
23 creatures vanquished.

Notes
Turn   | Place    | Note
-------+----------+-------------------------------------------
     0 | D:1      | Esekla the Demonspawn Conjurer began the quest for the Orb.
     0 | D:1      | Reached XP level 1. HP: 13/13 MP: 3/3
   680 | D:2      | Gained mutation: You have a pair of small antennae on your
                  | head. [demonic ancestry]
   680 | D:2      | Reached XP level 2. HP: 19/19 MP: 0/5
   760 | D:2      | Learned a level 2 spell: Searing Ray
   789 | D:2      | Found a snail-covered altar of Cheibriados.
  1062 | D:2      | Gained mutation: You are immune to rotting. [demonic
                  | ancestry]
  1062 | D:2      | Reached XP level 3. HP: 24/24 MP: 3/6
  1616 | D:3      | HP: 1/24 [adder (3)]
  1616 | D:3      | Slain by an adder

Illustrated notes

Levels and vault maps discovered:
D:1:      lightli_arrival_windingriver, layout_basic, minivault_26
D:2:      layout_basic, minmay_misc_feat_ornament, serial_bayou_pond_c,
          kennysheep_slug_shrine
D:3:      layout_rooms, first_ration, kennysheep_crisscross, roderic_lattice_a,
          uniq_jessica

Skill      XL: |  1 |
---------------+----+-----
Stealth        | 2 |  2.0
Dodging        | |  1.9
Spellcasting   | |  2.3
Conjurations   | |  4.8

Action                   || total
-------------------------++-------
Melee: Dagger            ||    41
       Unarmed           ||     5
 Cast: Magic Dart        ||    25
       Searing Ray       ||     7
 Stab: Sleeping          ||     3
  Eat: Chunk             ||     2
Armor: Robe              ||    16
Dodge: Dodged            ||    29
